[Event "*** SCC Grand Prix: Titled Tuesday Blitz"]
[Site "Chess.com"]
[Date "2020.10.06"]
[Round "2"]
[White "lucachess49"]
[Black "Leonid_Starozhilov"]
[Result "0-1"]
[WhiteElo "2400"]
[BlackElo "2686"]
[TimeControl "180+1"]
[EndTime "10:18:02 PDT"]
[Termination "Leonid_Starozhilov won by checkmate"]

1. d4 Nf6 2. c4 g6 3. f3 Bg7 4.
e4 d6 5. Nc3 O-O 6. Nge2 Nc6 7.
Be3 a6 8. Qd2 Na5 9. Nc1 Nd7 10.
Bh6 e5 11. Bxg7 Kxg7 12. d5 c5 13. h4 f5 14. h5 f4 15. g3 b6 16. Qh2 g5 17. Bh3 Nxc4 18. Nd3 Ne3 19. Kd2 c4 20. Nb4 Nf6 21. Nc6 Qc7 22. Bxc8 Raxc8 23. gxf4 exf4 24. h6+ Kh8 25. Rag1 Rg8 26. Qh3 Qd7 27. Qh2 Rxc6 28. dxc6 Qxc6 29. Qh3 d5 30. e5 d4 31.
exf6 dxc3+ 32. bxc3 Qd5+ 33. Kc1 Qd3 34. Qh2 Qxc3+ 35.
Kb1 Qd3+ 36. Ka1 Nc2+ 37. Kb2 Nd4 38. Rd1 c3+ 39. Kc1 Ne2+ 40. Qxe2 Qxe2 41. f7 Qb2# 0-1

[Event "*** SCC Grand Prix: Titled Tuesday Blitz"]
[Site "Chess.com"]
[Date "2020.10.06"]
[Round "2"]
[White "Lagmantr"]
[Black "korkmaz16"]
[Result "1-0"]
[WhiteElo "2643"]
[BlackElo "2338"]
[TimeControl "180+1"]
[EndTime "10:18:02 PDT"]
[Termination "Lagmantr won by resignation"]

1. Nf3 d5 2. c4 c6 3. g3 Nf6 4. Bg2 g6 5. O-O Bg7 6. b3 Ne4 7. d4 O-O 8. Bb2 Bf5 9. Nbd2 Nd7 10. Rc1 Nxd2 11. Qxd2 Be4 12. Rfd1 Re8 13. Qf4 Qb8 14.
Ne5 Nxe5 15. Bxe4 Nxc4 16. bxc4 Qxf4 17. gxf4 dxe4 18. e3 b6 19. c5 b5 20. Kf1 e6 21.
Ke2 a5 22. Kd2 f5 23. Kc2 Kf7 24. a3 Bf6 25. Bc3 h6 26. Rf1 Rg8 27. f3 exf3 28. Rxf3 g5 29. fxg5 hxg5 30. e4 f4 31. h4 b4 32.
axb4 axb4 33. Bb2 b3+ 34. Kb1 Rgb8 35. hxg5 Bxg5 36. Rg1 Rg8 37. Bc1 e5 38. dxe5 Ke6 39. Rxb3 Rab8 40. Rxb8 Rxb8+ 41. Kc2 Be7 42. Bxf4 Rb4 43.
Kd3 Bxc5 44. Rg6+ Kf7 45. Rxc6 Rd4+ 46. Ke3 Rc4+ 47. Kf3 Rc3+ 48. Kg4 Bd4 49. e6+ Ke8 50. Rd6 Bf6 51. Kf5 Be7 52. Ra6 Rc5+ 53. e5 Rc8 54. Ra2 Rd8 55. Rg2 Rd1 56. Rg8+ Bf8 57. Bh6 Rf1+ 58.
Ke4 Rf2 59. Kd5 Ke7 60. Bxf8+ Rxf8 61. Rxf8 Kxf8 62. Kd6 Ke8 63. e7 Kf7 64. Kd7 Kg7 65. e8=Q Kh6 66. Qg8 1-0

[Event "*** SCC Grand Prix: Titled Tuesday Blitz"]
[Site "Chess.com"]
[Date "2020.10.06"]
[Round "2"]
[White "Me_ch_an"]
[Black "Lion-Al-Messi"]
[Result "0-1"]
[WhiteElo "2314"]
[BlackElo "2537"]
[TimeControl "180+1"]
[EndTime "10:18:02 PDT"]
[Termination "Lion-Al-Messi won on time"]

1. e4 b6 2. c4 Bb7 3. Nc3 e5 4. Nf3 Nc6 5. d4 exd4 6. Nxd4 Bc5 7. Be3 Nge7 8. Be2 O-O 9. O-O Ng6 10. Nxc6 Bxc6 11. Bxc5 bxc5 12. Qd2 Re8 13. f3 Rb8 14. b3 Qf6 15. Rad1 d6 16. Rfe1 Nf4 17. Bf1 h5 18. g3 Ne6 19. f4 Nd4 20. Bg2 h4 21. Re3 a6 22. Qf2 Re7 23. Rde1 Rbe8 24. g4 Qh6 25. h3 f6 26. Nd5 Bxd5 27. exd5 Rxe3 28.
Rxe3 Rxe3 29. Qxe3 Kf8 30. Kf2 g5 31. f5 Qg7 32. b4 Qd7 33. bxc5 dxc5 34. Qa3 Qd6 35. Qe3 Qb6 36. Qd2 Qb1 37. Qe1 Qxa2+ 38. Kg1 Qxc4 39. Qa5 Qc1+ 40. Kf2 Qf4+ 41. Ke1 Nc2+ 42. Ke2 Qe3+ 43. Kf1 c4 44. d6 Qd3+ 45. Kg1 Qxd6 0-1

[Event "*** SCC Grand Prix: Titled Tuesday Blitz"]
[Site "Chess.com"]
[Date "2020.10.06"]
[Round "2"]
[White "Yashasd1995"]
[Black "CzechmVIII"]
[Result "1/2-1/2"]
[WhiteElo "2625"]
[BlackElo "2152"]
[TimeControl "180+1"]
[EndTime "10:18:03 PDT"]
[Termination "Game drawn by repetition"]

1. b3 e5 2. Bb2 Nc6 3. e3 Nf6 4. Bb5 Bd6 5. Na3 a6 6. Bxc6 dxc6 7. Nc4 Qe7 8. Nf3 e4 9. Nxd6+ cxd6 10. Nd4 O-O 11.
h3 d5 12. Ne2 Nd7 13. Nf4 Ne5 14. Qe2 b5 15. a4 Bd7 16. Ba3 b4 17. Bb2 a5 18.
O-O-O Bc8 19. f3 Ba6 20. Qf2 Rad8 21. Qg3 Ng6 22. Nh5 f6 23. f4 Be2 24. f5 Bxh5 25.
fxg6 Bxg6 26. Rhf1 c5 27. Qf2 c4 28. Bd4 Rc8 29.
Kb2 c3+ 30. dxc3 bxc3+ 31. Ka2 Qb4 32. g4 Rb8 33. h4 Rfc8 34. h5 Bf7 35. h6 Rc4 36.
Bxc3 Qxc3 37. Rd4 Qxc2+ 38. Ka3 Qc3 39. Qb2 Qb4+ 40. Ka2 Rxd4 41. exd4 Rc8 42. hxg7 Be8 43. Rxf6 Bxa4 44. Rf8+ Rxf8 45. gxf8=Q+ Kxf8 46. bxa4 Qxa4+ 47. Kb1 Qd1+ 48. Ka2 Qa4+ 49. Kb1 Qd1+ 50. Ka2 Qa4+ 1/2-1/2

[Event "*** SCC Grand Prix: Titled Tuesday Blitz"]
[Site "Chess.com"]
[Date "2020.10.06"]
[Round "2"]
[White "TokChess"]
[Black "ethylalcohol"]
[Result "1-0"]
[WhiteElo "2406"]
[BlackElo "2148"]
[TimeControl "180+1"]
[EndTime "10:18:03 PDT"]
[Termination "TokChess won on time"]

1. d4 Nf6 2. Nf3 g6 3. c4 Bg7 4. Nc3 d6 5. g3 O-O 6. Bg2 c6 7.
O-O Nbd7 8. Qc2 Qc7 9. Rd1 e5 10.
e4 Re8 11. b3 exd4 12. Nxd4 a5 13. Bb2 Nc5 14. Re1 Ne6 15. Rad1 Nxd4 16. Rxd4 Be6 17. Red1 Rad8 18. Qd2 Ng4 19. Rxd6 Rxd6 20. Qxd6 Qb6 21. Qd2 Bf6 22. h3 Rd8 23. Qe2 Nxf2 24. Qxf2 Bd4 25.
Rxd4 Qxd4 26. Qxd4 Rxd4 27. Bf1 Rd2 28. Ba3 Rc2 29.
Na4 Kg7 30. Bd6 Rxa2 31. Be5+ f6 32. Bd4 Kf7 33. Bc3 Ra3 34. Nc5 Bc8 35. Nd3 Rxb3 36.
Bxa5 Rb1 37. Bd2 1-0

[Event "*** SCC Grand Prix: Titled Tuesday Blitz"]
[Site "Chess.com"]
[Date "2020.10.06"]
[Round "2"]
[White "MITerryble"]
[Black "nurgyulsalimova"]
[Result "0-1"]
[WhiteElo "2959"]
[BlackElo "2613"]
[TimeControl "180+1"]
[EndTime "10:18:05 PDT"]
[Termination "nurgyulsalimova won by resignation"]

1. e4 c6 2. Nf3 d5 3. exd5 cxd5 4. Ne5 Nc6 5. d4 e6 6. c3 Nxe5 7. dxe5 Qc7 8. Bf4 Ne7 9. Bb5+ Bd7 10. Bxd7+ Qxd7 11. O-O Ng6 12. Bg3 Bc5 13. Nd2 h5 14. h3 h4 15. Bh2 Ne7 16. Nb3 Bb6 17. Nd4 Bxd4 18. Qxd4 Nf5 19. Qd3 O-O 20. g4 hxg3 21. fxg3 Qc7 22. g4 Ne7 23. Rf2 Rab8 24. Raf1 b5 25.
Qe3 b4 26. Qg5 bxc3 27. bxc3 Ng6 28. h4 Qe7 29. Rf6 gxf6 30. exf6 Qc5+ 31. Kh1 Qc4 32. Kg1 Qc5+ 33. Rf2 Rb2 34. Bg3 Rxf2 35. Bxf2 Qxc3 36. h5 Qe5 37. Qh6 Qxf6 38. hxg6 fxg6 39. Bxa7 Qa1+ 40.
Kh2 Qxa2+ 41. Kg3 Qxa7 42. Qxg6+ Qg7 43. Qxe6+ Qf7 44. Qxd5 Qxd5 0-1

[Event "*** SCC Grand Prix: Titled Tuesday Blitz"]
[Site "Chess.com"]
[Date "2020.10.06"]
[Round "2"]
[White "IngOscarArdila"]
[Black "Das_Virus_2020"]
[Result "0-1"]
[WhiteElo "2132"]
[BlackElo "2399"]
[TimeControl "180+1"]
[EndTime "10:18:05 PDT"]
[Termination "Das_Virus_2020 won by resignation"]

1. d4 Nf6 2. c4 c5 3. d5 b5 4. cxb5 a6 5. bxa6 g6 6. Nc3 Bxa6 7. e4 Bxf1 8. Kxf1 d6 9. Nf3 Nbd7 10. g3 Bg7 11.
Kg2 O-O 12. Qe2 Qb6 13. a4 Rfb8 14. Ra3 Ne8 15. Nb5 Nc7 16. Nxc7 Qxc7 17. b3 Qb6 18. Nd2 Qb4 19. Nc4 Nb6 20. Bd2 Bc3 21. Bxc3 Qxc3 22. Rha1 Nxc4 23. Qxc4 Qxc4 24. bxc4 Ra5 25. f4 Rb4 26. e5 Rxc4 27. exd6 exd6 28. Kf3 Rd4 29. h4 Rxd5 30. Kg4 h5+ 31. Kf3 Rd4 32. Ke3 Kg7 33. Kf3 Kf6 34. Ke3 Kf5 35. Kf3 d5 36. R1a2 Rb4 37. Rd3 d4 38. Rda3 c4 39. Ke2 d3+ 40.
Ke3 Rb3 41. Kd4 Rxa3 42. Rxa3 d2 43. Ra1 Rxa4 44. Rd1 Ra7 45. Kxc4 Rd7 46. Kc3 Kg4 47. Kc2 Kxg3 48. Rg1+ Kf2 49. Rd1 Ke2 0-1

[Event "*** SCC Grand Prix: Titled Tuesday Blitz"]
[Site "Chess.com"]
[Date "2020.10.06"]
[Round "2"]
[White "AsaHoffmann"]
[Black "frederiksvane"]
[Result "0-1"]
[WhiteElo "2337"]
[BlackElo "2661"]
[TimeControl "180+1"]
[EndTime "10:18:06 PDT"]
[Termination "frederiksvane won by checkmate"]

1. d4 Nf6 2. Bg5 e6 3. Nd2 d6 4.
e4 h6 5. Bh4 Nbd7 6. Bd3 Be7 7.
Ngf3 O-O 8. O-O b6 9. a4 a6 10. Qe2 Bb7 11. c3 Nh5 12. Bxe7 Qxe7 13. g3 Nhf6 14.
Rfe1 e5 15. Nf1 Rfe8 16. d5 g6 17. Qd2 Kg7 18. Ne3 Nc5 19. Ng2 Nb3 20. Qe3 Nxa1 21. Rxa1 c6 22. c4 b5 23. dxc6 Bxc6 24. cxb5 axb5 25. a5 b4 26. a6 Qa7 27. Qd2 Bxe4 28. Be2 Qb6 29. Ne3 Bxf3 30. Bxf3 Rxa6 31. Rxa6 Qxa6 32.
Qxb4 Rc8 33. Kg2 Rc1 34. g4 Rc5 35. h4 Qb5 36. Qd2 d5 37. g5 hxg5 38. hxg5 Ne4 39. Bxe4 dxe4 40. Qd8 Qc6 41. b3 Rc3 42. Qb8 Qe6 43. b4 Qe7 44. b5 Qxg5+ 45. Kf1 Qh5 46. Ke1 Qh1+ 47. Kd2 Qc1+ 48. Ke2 Rc5 49. b6 Rb5 50. b7 Rb2+ 51. Nc2 Rxc2# 0-1

[Event "*** SCC Grand Prix: Titled Tuesday Blitz"]
[Site "Chess.com"]
[Date "2020.10.06"]
[Round "2"]
[White "Witik"]
[Black "venus02"]
[Result "1-0"]
[WhiteElo "2710"]
[BlackElo "2476"]
[TimeControl "180+1"]
[EndTime "10:18:07 PDT"]
[Termination "Witik won by checkmate"]

1. e4 c6 2. d4 d5 3. e5 Bf5 4.
h4 h5 5. Bg5 Qb6 6. Bd3 Bxd3 7.
Qxd3 e6 8. Nd2 Qa6 9. c4 Nh6 10.
Ne2 Nd7 11. O-O Nf5 12. Nf4 Nb6 13. b3 Be7 14. Bxe7 Kxe7 15. a4 Rad8 16. a5 Na8 17. Nf3 Nc7 18. Qc3 c5 19. dxc5 dxc4 20. bxc4 Qc6 21.
Rab1 Na6 22. Rb5 Rd7 23. Re1 Rhd8 24. Kh2 Kf8 25. Ng5 Rd4 26. g3 Rd2 27. Ne4 R2d4 28.
Nd6 Nxh4 29. Re3 Rxf4 30. gxh4 Rxh4+ 31. Rh3 Rxh3+ 32. Qxh3 Nxc5 33. Qxh5 Qd7 34. Rxc5 b6 35. Rb5 Qc7 36. axb6 axb6 37. Rb3 f6 38. Qh8+ Ke7 39. Qxg7# 1-0

[Event "*** SCC Grand Prix: Titled Tuesday Blitz"]
[Site "Chess.com"]
[Date "2020.10.06"]
[Round "2"]
[White "zubridis"]
[Black "Chessbard1972"]
[Result "1-0"]
[WhiteElo "2458"]
[BlackElo "2255"]
[TimeControl "180+1"]
[EndTime "10:18:07 PDT"]
[Termination "zubridis won by checkmate"]

1. e4 c5 2. Nf3 a6 3. c3 d5 4. exd5 Qxd5 5. d4 Nf6 6. Na3 cxd4 7.
cxd4 e6 8. Nc4 Qd8 9. Bd3 Bb4+ 10. Bd2 Bxd2+ 11. Qxd2 O-O 12. O-O b5 13. Nce5 Bb7 14. Qf4 Nbd7 15. Rad1 Nb6 16. Qh4 Nbd5 17. Rfe1 g6 18. Qh6 Qe7 19. Ng5 Nf4 20. Ng4 Rfd8 21.
Nxf6+ Qxf6 22. Qxh7+ Kf8 23. Ne4 Qg7 24. Qxg7+ Kxg7 25. Bf1 Rac8 26. Nc5 Bd5 27. a3 Ra8 28. g3 Nh5 29.
Rc1 Bf3 30. Re3 Bd5 31. Rec3 Nf6 32. f3 Nd7 33. h4 Nb6 34. b3 Ra7 35. Kf2 Kf8 36. Be2 Ke7 37. Nd3 Ba8 38. Rc7+ Rd7 39.
Rxa7 Rxa7 40. Nb4 a5 41. Nc6+ Bxc6 42. Rxc6 Nd5 43. Bxb5 Rb7 44. Bc4 Kd7 45. Bxd5 exd5 46. Rc5 Kd6 47. Rxa5 Rxb3 48. Ra7 Ke6 49. Ra6+ Kf5 50.
g4+ Kf4 51. Rf6# 1-0

[Event "*** SCC Grand Prix: Titled Tuesday Blitz"]
[Site "Chess.com"]
[Date "2020.10.06"]
[Round "2"]
[White "mapleaff"]
[Black "Indianlad"]
[Result "0-1"]
[WhiteElo "2365"]
[BlackElo "2930"]
[TimeControl "180+1"]
[EndTime "10:18:08 PDT"]
[Termination "Indianlad won by resignation"]

1. d4 h5 2. c4 c6 3. Nc3 Nf6 4. Bf4 d6 5. Nf3 Nbd7 6. e3 Qa5 7. Qc2 e5 8. Bg3 Be7 9. h3 a6 10. Be2 exd4 11. exd4 O-O 12. O-O Re8 13. Rab1 Nf8 14. b4 Qd8 15. b5 axb5 16. cxb5 g6 17. Bd3 Be6 18. Rfe1 Nd5 19. bxc6 bxc6 20. Ne4 Ra3 21. h4 Bf5 22. Rb3 Rxb3 23. Qxb3 Ne6 24. Qb7 Ndf4 25. Bb1 d5 26. Neg5 Nxg5 27. hxg5 Bxb1 28. Rxb1 Ne2+ 29.
Kh2 Nxg3 30. fxg3 Qd6 31. Re1 h4 32. Ne5 hxg3+ 33. Kxg3 c5 34. Qc6 Qxc6 35. Nxc6 Bd6+ 36. Kf2 Bg3+ 37. Kxg3 Rxe1 38. dxc5 Kf8 39. Nb4 Rc1 40. Nxd5 Rxc5 41. Nf6 Rxg5+ 42. Kh4 Ra5 43. Nd7+ Kg7 44. Nb6 Rxa2 45. g4 f6 46. Nd5 Ra3 47. g5 Ra4+ 48.
Kh3 f5 49. Nf6 Ra6 50. Nd7 Re6 51. Nc5 Re5 52. Nd7 Re4 53. Nf6 Re1 54. Kg3 Rg1+ 55. Kf4 Kf7 56. Nh7 Rg4+ 57. Kf3 Kg7 58. Nf6 Rxg5 59.
Nd5 Rg4 60. Nf4 Rxf4+ 61. Kxf4 Kf6 0-1

[Event "*** SCC Grand Prix: Titled Tuesday Blitz"]
[Site "Chess.com"]
[Date "2020.10.06"]
[Round "2"]
[White "crescentmoon2411"]
[Black "PlotnikovPavel"]
[Result "1-0"]
[WhiteElo "2802"]
[BlackElo "2359"]
[TimeControl "180+1"]
[EndTime "10:18:08 PDT"]
[Termination "crescentmoon2411 won by checkmate"]

1. d4 d5 2. c4 dxc4 3. Nf3 Nf6 4. e3 e6 5. Bxc4 c5 6. O-O a6 7. Nc3 Nc6 8. dxc5 Qxd1 9. Rxd1 Bxc5 10. Nd2 b5 11.
Be2 Bb7 12. Nb3 Bb6 13. a4 b4 14. a5 Ba7 15. Na4 Ke7 16. Bd2 Nd7 17. Bf3 Rab8 18.
Rac1 Nce5 19. Be2 Rhc8 20. Bxb4+ Ke8 21. Bd6 Ra8 22. Nbc5 Bxc5 23. Nxc5 Nxc5 24. Bxc5 Nd7 25. Bd6 Kd8 26. b4 Bc6 27. h4 Bb5 28. Bxb5 axb5 29.
f3 g6 30. Kf2 Ke8 31. e4 Kd8 32. Ke3 e5 33. g4 Ke8 34. g5 Kd8 35. Rxc8+ Rxc8 36. Bxe5 Rc4 37. Bd6 Rc3+ 38. Rd3 Rc4 39. Rd5 Rc3+ 40.
Kf2 Rc6 41. Bf4 Rc2+ 42. Kg3 Kc8 43. Rxb5 Nf8 44. Rb8+ Kd7 45. Rxf8 Ke6 46. a6 Ra2 47. b5 Rb2 48. a7 Rxb5 49. a8=Q Rb3 50. Qd5+ Ke7 51.
Qd6# 1-0

[Event "*** SCC Grand Prix: Titled Tuesday Blitz"]
[Site "Chess.com"]
[Date "2020.10.06"]
[Round "2"]
[White "Borsuk_Konstantin"]
[Black "Durarbayli"]
[Result "0-1"]
[WhiteElo "2549"]
[BlackElo "2812"]
[TimeControl "180+1"]
[EndTime "10:18:10 PDT"]
[Termination "Durarbayli won by resignation"]

1. d4 Nf6 2. c4 e6 3. Nc3 Bb4 4. Qc2 d5 5. cxd5 exd5 6. Bg5 c5 7. a3 Bxc3+ 8. bxc3 cxd4 9. cxd4 Nc6 10. Nf3 Bg4 11.
Ne5 Qa5+ 12. Qd2 Qxd2+ 13. Bxd2 Nxd4 14. Rb1 O-O 15. Bc3 Nc2+ 16. Kd1 Rfc8 17. Kxc2 d4 18. Rb3 Be6 19. Kb2 Bxb3 20. Bxd4 Be6 21. f3 Nd7 22.
Nxd7 Bxd7 23. e4 Be6 24. Be2 Bc4 25. Re1 Bxe2 26. Rxe2 Rc4 27. Be3 b6 28. Rd2 Rac8 29. h4 f6 30. h5 R8c7 31. g4 Kf7 32. g5 Ke6 33. g6 hxg6 34. hxg6 Rd7 35. Re2 Rd3 36. Bf4 Rxf3 37. Bb8 Rcc3 38. e5 Rb3+ 39. Ka2 Rxa3+ 40. Kb2 Rae3 41. Rc2 fxe5 42. Rc6+ Kd5 43. Rc7 Re2+ 0-1

[Event "*** SCC Grand Prix: Titled Tuesday Blitz"]
[Site "Chess.com"]
[Date "2020.10.06"]
[Round "2"]
[White "youngKID"]
[Black "m_ezat"]
[Result "0-1"]
[WhiteElo "2788"]
[BlackElo "2553"]
[TimeControl "180+1"]
[EndTime "10:18:10 PDT"]
[Termination "m_ezat won on time"]

1. Nf3 Nf6 2. g3 g6 3. Bg2 Bg7 4. c4 O-O 5. Nc3 c5 6. h4 h5 7.
d4 d6 8. O-O Nc6 9. dxc5 dxc5 10. Be3 Be6 11. Qa4 Qa5 12. Qxa5 Nxa5 13. Bxc5 Nxc4 14.
b3 Nd6 15. Rac1 Rfc8 16. Bxd6 exd6 17. Ng5 d5 18. Nb5 Bh6 19. Nc7 Rab8 20. Ncxe6 fxe6 21. Rxc8+ Rxc8 22. Nxe6 Rc2 23. e3 Rxa2 24. Nc7 Rd2 25. Bf3 d4 26. exd4 Rxd4 27. Nb5 Rb4 28. Be2 Bf8 29.
Bc4+ Kg7 30. Nxa7 Ne4 31. Nb5 Nd2 32. Rd1 Nxb3 33. Bxb3 Rxb5 34. Rd7+ Kh8 35. Bc2 Rb6 36. Rf7 Bc5 37. Kg2 Rb2 38. Rf6 Rxc2 0-1

[Event "*** SCC Grand Prix: Titled Tuesday Blitz"]
[Site "Chess.com"]
[Date "2020.10.06"]
[Round "2"]
[White "karwowskikacper"]
[Black "sokidze"]
[Result "0-1"]
[WhiteElo "2476"]
[BlackElo "2709"]
[TimeControl "180+1"]
[EndTime "10:18:10 PDT"]
[Termination "sokidze won on time"]

1. e4 c5 2. Nf3 Nc6 3. c3 Nf6 4. e5 Nd5 5. d4 cxd4 6. cxd4 d6 7. Bc4 Nb6 8. Bb5 dxe5 9. Nxe5 Bd7 10. Nxd7 Qxd7 11.
O-O Rd8 12. Qf3 e6 13. Nc3 a6 14. Bxc6 bxc6 15. Rd1 Nd5 16. Ne4 f5 17. Nd2 Bd6 18.
Nc4 O-O 19. b3 Bc7 20. Bb2 Rf6 21. Rac1 Rh6 22. Ne5 Bxe5 23. dxe5 g5 24. Qe2 Rg6 25. Qxa6 Rc8 26. Rc4 f4 27. Rdc1 f3 28. Rxc6 Rf8 29. g3 Nf4 30. gxf4 gxf4+ 31. Kh1 Qd2 32. R6c2 Qd5 33. Qc4 Qd7 34. Qc7 Qd3 35. Qc4 Qf5 36.
Rd2 Qh3 37. Qf1 Rg2 38. Qg1 Rxg1+ 39. Rxg1+ Kh8 40. Rd7 Rg8 41. Rdd1 Rg2 0-1

[Event "*** SCC Grand Prix: Titled Tuesday Blitz"]
[Site "Chess.com"]
[Date "2020.10.06"]
[Round "2"]
[White "VitaliyBernadskiy"]
[Black "Gerodot71"]
[Result "1-0"]
[WhiteElo "2732"]
[BlackElo "2483"]
[TimeControl "180+1"]
[EndTime "10:18:11 PDT"]
[Termination "VitaliyBernadskiy won by checkmate"]

1. e4 e5 2. Nf3 Nc6 3. Bb5 a6 4. Ba4 Nf6 5. d3 b5 6. Bb3 Be7 7. O-O O-O 8. Nc3 d6 9. a3 Na5 10. Ba2 c5 11. Bd2 Nc6 12. Nd5 Be6 13. b4 Rc8 14. c4 Bxd5 15. exd5 Nd4 16. Nxd4 exd4 17. a4 Qb6 18. Re1 Rfe8 19. cxb5 axb5 20. axb5 Qxb5 21. Bc4 Qb6 22. b5 Qb7 23. Ra6 Bf8 24. Rc6 Rxe1+ 25. Bxe1 Re8 26. Ba5 Qe7 27. Rc7 Qe5 28. g3 Nxd5 29.
Ra7 Kh8 30. Rxf7 Nc3 31. Qf3 Be7 32. b6 Bf6 33. b7 d5 34. Bb3 Qe6 35. Rc7 Qa6 36.
Bxc3 dxc3 37. Qxd5 c2 38. Bxc2 Qa1+ 39. Kg2 Qa6 40. Qd7 Rg8 41. Rc8 Be5 42. Rxg8+ Kxg8 43. Qe8# 1-0

[Event "*** SCC Grand Prix: Titled Tuesday Blitz"]
[Site "Chess.com"]
[Date "2020.10.06"]
[Round "2"]
[White "maxsergej"]
[Black "SanchezKelvin"]
[Result "1-0"]
[WhiteElo "2117"]
[BlackElo "2376"]
[TimeControl "180+1"]
[EndTime "10:18:11 PDT"]
[Termination "maxsergej won by resignation"]

1. e4 c5 2. Nf3 d6 3. d4 cxd4 4. Nxd4 Nf6 5. Nc3 g6 6. Be3 Bg7 7. f3 O-O 8. Qd2 Nc6 9. O-O-O Nxd4 10. Bxd4 Be6 11. Nd5 Bxd5 12. exd5 a6 13. g4 Rc8 14. g5 Nh5 15. Bxg7 Kxg7 16. Bh3 Rc5 17. Bg4 Qa5 18. Qxa5 Rxa5 19. Bxh5 gxh5 20. Kb1 Ra4 21. Rhe1 Re8 22. Rd2 Rf4 23. Re3 h4 24. b3 Rf5 25. Re4 Rxf3 26. Rxh4 Rf5 27. Rg4 Rc8 28. c4 b5 29. Re2 bxc4 30.
bxc4 Rc7 31. h4 Re5 32. Rxe5 dxe5 33. Kb2 Kg6 34. Kc3 a5 35. a3 Kf5 36. Rg1 Kg6 37. Rg4 Kh5 38. Re4 f6 39. gxf6 exf6 40. d6 Rc6 41. d7 Rd6 42. c5 Rxd7 43. Kc4 Kg6 44. Kb5 Kf5 45. c6 Rd5+ 46. Kb6 Rd6 47. Rc4 e4 48. Kxa5 Rd8 49. c7 Rc8 50. Kb6 e3 51. Kb7 e2 52. Rc1 Rxc7+ 53. Kxc7 Ke4 54. a4 f5 55. a5 f4 56. a6 f3 57. a7 f2 58. a8=Q+ Kf4 59. Rc4+ Kg3 60. Qg8+ Kh2 61. h5 f1=Q 62. Rh4+ 1-0

[Event "*** SCC Grand Prix: Titled Tuesday Blitz"]
[Site "Chess.com"]
[Date "2020.10.06"]
[Round "2"]
[White "Alexsur1981"]
[Black "GameOverBro"]
[Result "1-0"]
[WhiteElo "2745"]
[BlackElo "2500"]
[TimeControl "180+1"]
[EndTime "10:18:13 PDT"]
[Termination "Alexsur1981 won by resignation"]

1. e4 d6 2. d4 Nf6 3. f3 e5 4. d5 c6 5. c4 h5 6. Nc3 a6 7. Be3 Be7 8. Qd2 Nbd7 9. Bd3 h4 10. Nge2 c5 11. a4 Nf8 12. b3 Ng6 13. O-O-O Bd7 14.
Kc2 Rb8 15. Ra1 Nh7 16. g3 Bg5 17. f4 Bf6 18. f5 Ngf8 19. Rag1 h3 20. g4 Bg5 21.
Rg3 Bxe3 22. Qxe3 Ng5 23. Ng1 Rh4 24. Be2 Nfh7 25. Nxh3 Qf6 26. Nf2 Ke7 27. a5 Qh6 28.
h3 Nf6 29. Rb1 Rh8 30. Bf1 Rc8 31. b4 cxb4 32. Rxb4 Rc7 33. Rb6 Ne8 34. Kb3 f6 35. Nd3 Nf7 36. c5 Qxe3 37. cxd6+ Nexd6 38. Rxe3 Ng5 39. Nf2 Bc8 40. Na2 Rc5 41. Rc3 Rxc3+ 42. Nxc3 Ngxe4 43. Nfxe4 Nxe4 44. Nxe4 Kd7 45. Nc5+ Kc7 46. d6+ Kd8 47. d7 Bxd7 48. Rd6 Kc7 49. Rxd7+ Kc6 50. Re7 Kxc5 51.
Rxg7 e4 52. Rxb7 Kd4 53. Rb6 e3 54. Rxa6 Rxh3 55. Bxh3 e2 56. Re6 Kd3 57. a6 1-0

[Event "*** SCC Grand Prix: Titled Tuesday Blitz"]
[Site "Chess.com"]
[Date "2020.10.06"]
[Round "2"]
[White "alexrustemov"]
[Black "googlegoom"]
[Result "1-0"]
[WhiteElo "2734"]
[BlackElo "2419"]
[TimeControl "180+1"]
[EndTime "10:18:13 PDT"]
[Termination "alexrustemov won by resignation"]

1. d4 d5 2. c4 c6 3. Nc3 Nf6 4. e3 e6 5. Nf3 Nbd7 6. Qc2 Bd6 7. Bd2 a6 8. O-O-O b5 9. c5 Bc7 10. Bd3 e5 11. e4 b4 12. Na4 O-O 13. dxe5 Nxe5 14. Nxe5 Bxe5 15. f4 dxe4 16. Bxe4 Nxe4 17. Qxe4 Bf6 18. Bxb4 Qc7 19. Nb6 Rb8 20. Rd6 Be6 21.
Rxc6 Qb7 22. a3 Rfe8 23. Qf3 Bg4 24. Qd5 Be6 25. Rxe6 fxe6 26. Qxb7 Rxb7 27. Rd1 e5 28. fxe5 Bxe5 29. h3 Rc7 30. Kc2 a5 31. Nd5 Rc6 32. Bxa5 Rxc5+ 33. Bc3 Bxc3 34. Nxc3 Re2+ 35. Rd2 Rxd2+ 36.
Kxd2 Rg5 37. g4 h5 38. Ne4 Re5 39. Kd3 hxg4 40. hxg4 Kf7 41. b4 Ke6 42. a4 Kd5 43. Nc3+ Kc6 44. b5+ Kc5 45. a5 Re8 46. a6 Rd8+ 47. Ke4 Kb6 48. Kf5 Rc8 49. Nd5+ Kxb5 50.
a7 Ka6 51. a8=Q+ Rxa8 52. Nc7+ 1-0

[Event "*** SCC Grand Prix: Titled Tuesday Blitz"]
[Site "Chess.com"]
[Date "2020.10.06"]
[Round "2"]
[White "vanyakuba"]
[Black "RobertoJBM"]
[Result "0-1"]
[WhiteElo "2489"]
[BlackElo "2733"]
[TimeControl "180+1"]
[EndTime "10:18:14 PDT"]
[Termination "RobertoJBM won on time"]

1. e4 c6 2. d4 d5 3. exd5 cxd5 4. c4 Nf6 5. Nc3 e6 6. Nf3 Be7 7. cxd5 Nxd5 8. Bd3 Nc6 9. O-O O-O 10. Re1 Nf6 11.
a3 b6 12. Bc2 Ba6 13. Bb3 Na5 14. Bc2 Rc8 15. Ne5 Nc4 16. Nxc4 Bxc4 17. Bg5 Nd5 18. Bxe7 Nxe7 19. Qg4 Nd5 20. Qh3 g6 21. Ne4 Nf6 22. Rad1 Nxe4 23. Bxe4 Qf6 24. b3 Bb5 25. d5 exd5 26. Bxd5 Rc3 27. Qg4 Rfc8 28. h4 h5 29.
Qd4 Qxd4 30. Rxd4 Rc1 31. Rxc1 Rxc1+ 32. Kh2 Rc7 33. Kg3 Kg7 34. Kf4 Kf6 35. f3 Bd7 36. g4 hxg4 37. fxg4 Rc1 38. Bf3 Be6 39. h5 g5+ 40. Ke3 Rc3+ 41. Kf2 Rxb3 42. a4 Ra3 43. Rb4 Bd7 44. Rd4 Be6 45. Rb4 Kg7 46. Rd4 Rb3 47. Be2 Kf6 48. Ke1 Ke5 49. Rd8 Rh3 0-1

[Event "*** SCC Grand Prix: Titled Tuesday Blitz"]
[Site "Chess.com"]
[Date "2020.10.06"]
[Round "2"]
[White "Blagorod"]
[Black "GregShahade"]
[Result "0-1"]
[WhiteElo "2181"]
[BlackElo "2640"]
[TimeControl "180+1"]
[EndTime "10:18:14 PDT"]
[Termination "GregShahade won on time"]

1. e4 e5 2. Nf3 Nc6 3. Bb5 a6 4. Ba4 Nf6 5. O-O Be7 6. d3 b5 7. Bb3 d6 8. a4 Bd7 9. Nc3 Na5 10. Ba2 b4 11. Nd5 Nxd5 12. Bxd5 c6 13. Ba2 c5 14. h3 O-O 15. Nh2 Rb8 16. f4 Qc7 17. f5 c4 18. dxc4 Nxc4 19. Ng4 Kh8 20. f6 Bxf6 21. Nxf6 gxf6 22. Rxf6 Be6 23. Qh5 Rg8 24. Bg5 Rg6 25. Raf1 Rbg8 26. Rxg6 Rxg6 27. Bf6+ Kg8 28. Qe2 Qc5+ 29. Kh2 Ne3 30. Bxe6 Nxf1+ 31. Qxf1 fxe6 32. Be7 Qc8 33. Bxd6 Qe8 34. Bxe5 Qxa4 35. b3 Qc6 36. Qf2 Qxe4 37. Bg3 Qf5 38. Qa7 Qf7 39. Qb8+ Qf8 40. Qb7 h5 41. Qxa6 Qg7 42. Qa8+ Kh7 43. Qb8 h4 44. Qxb4 hxg3+ 45. Kh1 Qa1+ 0-1

[Event "*** SCC Grand Prix: Titled Tuesday Blitz"]
[Site "Chess.com"]
[Date "2020.10.06"]
[Round "2"]
[White "DamianoLew95"]
[Black "GM_Levan_Pantsulaia"]
[Result "1/2-1/2"]
[WhiteElo "2543"]
[BlackElo "2794"]
[TimeControl "180+1"]
[EndTime "10:18:15 PDT"]
[Termination "Game drawn by stalemate"]

1. Nf3 c5 2. b3 b6 3. Bb2 Bb7 4.
g3 Nf6 5. Bg2 e6 6. O-O Be7 7. e3 O-O 8. Qe2 d6 9. c4 Nbd7 10. Rd1 Re8 11. d4 cxd4 12. Nxd4 Bxg2 13. Kxg2 Qc7 14. Kg1 a6 15. Nd2 Rac8 16. Rac1 Bf8 17. Qf3 Ne5 18. Qe2 Nfd7 19. N2f3 Qb7 20. Nxe5 Nxe5 21.
f4 Nd7 22. Qg4 Nf6 23. Qf3 Ne4 24. Ne2 Qa8 25. Nc3 Nc5 26. Qxa8 Rxa8 27. Ba3 Rec8 28.
Rd2 f5 29. Bxc5 Rxc5 30. e4 g6 31. exf5 gxf5 32. Ne2 Kf7 33. Rcd1 b5 34. cxb5 axb5 35. Nd4 Bg7 36. b4 Bxd4+ 37. Rxd4 Rc6 38. Rxd6 Rc2 39. R1d2 Raxa2 40. Rxc2 Rxc2 41. Rb6 Rb2 42. Rxb5 Kg6 43.
Rb6 Kh5 44. h3 h6 45. Rxe6 Rxb4 46. Rf6 Rb1+ 47. Kf2 Rb2+ 48. Ke1 Re2+ 49. Kxe2 1/2-1/2